 Dungeon Crawl Stone Soup version 0.28.0-53-g5a82cb258f (console) character file.

Game seed: 9343073440687637327

93 erker the Sneak (level 4, -7/27 HPs)
             Began as an Octopode Earth Elementalist on July 10, 2022.
             Mangled by a kobold brigand
             ... wielding a +2 dagger of distortion
              (21 damage)
             ... on level 3 of the Dungeon.
             The game lasted 00:03:58 (1364 turns).

erker the Sneak (Octopode Earth Elementalist)       Turns: 1364, Time: 00:03:58

Health: -7/27      AC:  1    Str:  7    XL:     4   Next: 62%
Magic:  6/7        EV: 13    Int: 21    God:
Gold:   75         SH:  0    Dex: 12    Spells: 4/7 levels left

rFire   . . .      SeeInvis .   a - +2 short sword (venom)
rCold   . . .      Faith    .   (no shield)
rNeg    . . .      Spirit   .   (helmet restricted)
rPois   .          Reflect  .   (no amulet)
rElec   .          Harm     .   (no ring)
rCorr   .          Rampage  .   (no ring)
Will    .....      Clarity  +   (no ring)
Stlth   +++.......              (no ring)
HPRegen 0.09/turn               (no ring)
MPRegen 0.10/turn               (no ring)
                                (no ring)
                                (no ring)

@: no status effects
A: almost no armour, amphibious, 8 rings, camouflage 1, gelatinous body 1,
(nimble swimmer 1), tentacles, clarity, clever 1
a: no special abilities


You were on level 3 of the Dungeon.
You visited 1 branch of the dungeon, and saw 3 of its levels.

You collected 75 gold pieces.

Inventory:

Hand Weapons
 a - a +2 short sword of venom (weapon)
 f - a +0 rapier
Missiles
 b - 30 stones
 d - 15 sling bullets
 e - 2 poisoned darts
Scrolls
 c - a scroll of brand weapon {unknown}
 g - 2 scrolls of teleportation {unknown}
 h - 3 scrolls of silence {unknown}
 i - a scroll of amnesia {unknown}
 j - a scroll of magic mapping {unknown}


   Skills:
 - Level 2.0 Short Blades
 - Level 2.0 Dodging
 - Level 4.0 Stealth
 - Level 2.0 Spellcasting
 + Level 1.6 Transmutations
 - Level 4.0 Earth Magic


You had 4 spell levels left.
You knew the following spells:

 Your Spells              Type           Power      Damage    Failure   Level
a - Sandblast             Erth           36%        2d10      2%          1
w - Passwall              Tmut/Erth      10%        N/A       7%          2

Your spell library contained the following spells:

 Spells                   Type           Power      Damage    Failure   Level
 Stone Arrow              Conj/Erth      20%        3d8       19%         3
 Petrify                  Tmut/Erth      13%        N/A       43%         4


Dungeon Overview and Level Annotations

Branches:
Dungeon (3/15)

Altars:

Annotations:
D:2 1 runed translucent door, Crazy Yiuf


Innate Abilities, Weirdness & Mutations

You cannot wear most types of armour.
You are amphibious.
You can wear up to eight rings at the same time.
Your skin changes colour to match your surroundings (Stealth+).
Your rubbery body absorbs attacks. (AC +1, EV +1)
((You are camouflaged when in or above water. (Stealth+)))
You have tentacles for arms and can constrict up to eight enemies at once.
You possess an exceptional clarity of mind.
Your mind is acute. (Int +2)


Message History

Casting: Sandblast (safe; 2% risk of failure)
Confirm with . or Enter, or press ? or * to list all spells.
Aiming: Sandblast (safe; 2% risk of failure)
Press: ? - help, Shift-Dir - straight line, f - kobold
Aim: a kobold, wielding a +0 dagger (74% to hit)
The blast of sand misses the kobold.
Casting: Sandblast (safe; 2% risk of failure)
Confirm with . or Enter, or press ? or * to list all spells.
Aiming: Sandblast (safe; 2% risk of failure)
Press: ? - help, Shift-Dir - straight line, f/p - kobold
Aim: a kobold, wielding a +0 dagger (74% to hit)
The blast of sand hits the kobold.
You kill the kobold!
You hear a splash.
A giant cockroach comes into view.
You start resting.
Magic restored.
You start resting.
HP restored.
Items here: ))) ÷÷÷.
Okay, then.
Unknown command.
Unknown command.
Things that are here:
a +0 dagger of speed; 2 poisoned darts; a kobold skeleton
e - 2 poisoned darts The kobold brigand barely misses you.
Casting: Sandblast (safe; 2% risk of failure)
Confirm with . or Enter, or press ? or * to list all spells.
Aiming: Sandblast (safe; 2% risk of failure)
Press: ? - help, Shift-Dir - straight line, f - kobold brigand
Aim: a kobold brigand, wielding a +2 dagger of distortion and quivering poisoned darts (74% to hit)
The blast of sand hits the kobold brigand but does no damage.
The kobold brigand hits you with a +2 dagger of distortion!
Space warps around you.
You closely miss the kobold brigand. Your grab misses the kobold brigand.
The kobold brigand hits you with a +2 dagger of distortion.
Space warps horribly around you!!
Ouch! That really hurt!
You die...

..... ### .#.... ####≈≈
.... ## ≈≈≈≈≈ ... .#
≈≈≈≈ ..# . . #≈≈ ####.#
# K...#####....#
######....)))..K.#######
≈≈≈≈≈###...))###@.......
)≈)....#######...#######
≈≈..##.........#.#
.÷.#############.# ####
#.# #.# #.# #.# ..#


You could see a kobold brigand.

Vanquished Creatures
  A kobold brigand (D:3)
  A dart slug (D:2)
  A bat (D:3)
  2 endoplasms (D:2)
  4 goblins (D:2)
  3 hobgoblins
  A quokka (D:2)
  A ball python (D:2)
  2 frilled lizards (D:2)
  8 kobolds
  2 rats (D:2)
26 creatures vanquished.

Notes
Turn   | Place    | Note
-------+----------+-------------------------------------------
     0 | D:1      | erker the Octopode Earth Elementalist began the quest for
                  | the Orb.
     0 | D:1      | Reached XP level 1. HP: 11/11 MP: 3/3
    34 | D:1      | You fall into a shaft and drop 1 floor!
   139 | D:2      | Reached XP level 2. HP: 17/17 MP: 0/5
   193 | D:2      | Learned a level 2 spell: Passwall
   372 | D:2      | Found a faded altar of an unknown god.
   784 | D:2      | Found a runed translucent door.
   785 | D:2      | Noticed Crazy Yiuf
   926 | D:3      | Noticed a necrophage
  1049 | D:3      | Reached XP level 3. HP: 21/21 MP: 6/6
  1052 | D:3      | Reached skill level 1 in Short Blades
  1057 | D:3      | Noticed a kobold brigand
  1086 | D:3      | Noticed a kobold brigand
  1090 | D:3      | Gained mutation: Your mind is acute. (Int +2) [potion of
                  | mutation]
  1090 | D:3      | Gained mutation: You possess an exceptional clarity of
                  | mind. [potion of mutation]
  1091 | D:3      | Killed a kobold brigand
  1092 | D:3      | Reached XP level 4. HP: 5/27 MP: 3/7
  1364 | D:3      | Mangled by a kobold brigand

Illustrated notes

Levels and vault maps discovered:
D:1:      dpeg_arrival_rooms_a, layout_basic, serial_shops, shop
D:2:      layout_loops_ring, shapermc_ecumenical_altar_mp_ritualfount,
          uniq_crazy_yiuf_cottage
D:3:      cheibrodos_thug_alley, layout_basic, lightli_temple_of_fire,
          minmay_fractal_squares_5, uniq_jessica

Skill      XL: |  1  2  3 |
---------------+----------+-----
Stealth        | 3 4 |  4.0
Short Blades   | 2 |  2.0
Earth Magic    | 4 |  4.0
Dodging        | |  2.0
Spellcasting   | |  2.0
Transmutations | |  1.6

Action                   |  1- 3 |  4- 6 || total
-------------------------+-------+-------++-------
Melee: Short sword       |    27 |     1 ||    28
       Constrict         |     4 |       ||     4
       Tentacles         |     4 |       ||     4
 Cast: Sandblast         |    14 |     3 ||    17
       Passwall          |     1 |       ||     1
  Use: Potion            |     1 |       ||     1
 Stab: Sleeping          |     5 |       ||     5
Armor: Skin              |     1 |       ||     1
Dodge: Dodged            |    20 |     1 ||    21
